 Dungeon Crawl Stone Soup version 0.30-b1-5-g8e6c1be481 (webtiles) character file.

Game seed: 5061284350037866127

7391 croobank the Sneak (level 10, -14/76 HPs)
             Began as a Demonspawn Fire Elementalist on May 4, 2023.
             Was a Priest of Sif Muna.
             Demolished by an orc warrior
             ... wielding a +0 spear
              (18 damage)
             ... in a bailey.
             The game lasted 00:37:08 (12003 turns).

croobank the Sneak (Demonspawn Fire Elementalist)  Turns: 12003, Time: 00:37:09

Health: -14/76     AC: 12    Str:  5    XL:     10   Next: 92%
Magic:  18/27      EV: 12    Int: 20    God:    Sif Muna [***...]
Gold:   752        SH:  0    Dex: 13    Spells: 9/20 levels left

rFire   + . .        a - +1 short sword (flame)
rCold   + + .        (no shield)
rNeg    . . .        T - +3 ring mail of Vodde {MP+9}
rPois   .            (helmet restricted)
rElec   .            (no cloak)
rCorr   .            E - +2 pair of gloves "Zymuyrch" {Rampage +Inv rC++ Str-5}
SInv    .            (no boots)
Will    .....        (no amulet)
Stlth   ++           g - ring of wizardry
HPRegen 0.32/turn    h - ring of protection from fire
MPRegen 0.20/turn

%: rampage, wizardry (x1)
@: about to teleport
A: horns 2, repulsion field 1, ignite blood 2, demonic magic 3
a: Renounce Religion, Evoke Invisibility, Channel Magic, Forget Spell


You were in a bailey.
You worshipped Sif Muna.
Sif Muna was most pleased with you.
You visited 2 branches of the dungeon, and saw 11 of its levels.
You also visited: Bailey.

You collected 752 gold pieces.

Inventory:

Hand Weapons
 a - a +1 short sword of flaming (weapon)
 b - a +2 sling of electrocution
 c - a +0 scythe of freezing
 u - a +2 whip of venom
 B - a +0 war axe
 C - a +0 scimitar
 N - a +2 spear of venom
 Q - a +2 dagger of draining
Missiles
 o - 2 atropa-tipped darts
 t - 5 javelins
 G - 6 boomerangs
 I - 5 curare-tipped darts
 M - 31 poisoned darts
Armour
 d - a +0 helmet
 e - a +0 robe
 p - a +0 ring mail
 s - a +2 leather armour
 E - the +2 pair of gloves "Zymuyrch" (worn) {Rampage +Inv rC++ Str-5}
   (You found it on level 10 of the Dungeon)

   Str:       It affects your strength (-5).
   rC:        It greatly protects you from cold.
   +Inv:      It lets you turn invisible.
   Rampage:   It bestows one free step when moving towards enemies.
 L - +0 steam dragon scales
 T - the +3 ring mail of Vodde (worn) {MP+9}
   (You found it on level 10 of the Dungeon)

   MP:        It affects your magic capacity (+9).
Jewellery
 g - a ring of wizardry (left hand)
 h - a ring of protection from fire (right hand)
 i - a +4 ring of protection
 q - a ring of poison resistance
 S - a ring of protection from cold
Wands
 k - a wand of light (10)
 x - a wand of mindburst (12)
 y - a wand of polymorph (17)
 F - a wand of flame (35)
 H - a wand of digging (9)
 P - a wand of paralysis (5)
Scrolls
 f - 5 scrolls of poison
 m - 8 scrolls of teleportation
 z - 2 scrolls of vulnerability
 K - a scroll of fog
Potions
 j - a potion of lignification
 l - 2 potions of cancellation
 n - 3 potions of curing
 r - 5 potions of heal wounds
 v - 2 potions of haste
 w - a potion of ambrosia
 A - 3 potions of brilliance
 D - 4 potions of might
 J - 5 potions of resistance
 O - a potion of attraction {unknown}
 U - 2 potions of magic
 V - 2 potions of invisibility {unknown}


   Skills:
 + Level 5.8 Fighting
 + Level 4.2 Armour
 + Level 5.6 Dodging
 + Level 6.1 Stealth
 + Level 5.7 Spellcasting
 + Level 5.9 Conjurations
 + Level 3.4 Hexes
 - Level 3.0 Translocations
 + Level 6.1 Fire Magic
 + Level 6.1 Invocations


You had 9 spell levels left.
You knew the following spells:

 Your Spells              Type           Power      Damage    Failure   Level
a - Foxfire               Conj/Fire      100%       2x1d9     1%          1
b - Scorch                Fire           60%        2d8       2%          2
c - Inner Flame           Hex/Fire       24%        N/A       8%          3
d - Volatile Blastmotes   Fire/Tloc      46%        2d13      9%          3
e - Blink                 Tloc           34%        N/A       9%          2

Your spell library contained the following spells:

 Spells                   Type           Power      Damage    Failure   Level
 Magic Dart               Conj           100%       1d8       1%          1
 Searing Ray              Conj           58%        2d6       2%          2
 Momentum Strike          Conj/Tloc      46%        3d9       4%          2
 Lesser Beckoning         Tloc           34%        N/A       9%          2
 Flame Wave               Conj/Fire      29%        2d9       16%         4
 Fulminant Prism          Conj/Hex       12%        3d8       26%         4
 Fireball                 Conj/Fire      14%        3d8       38%         5
 Frozen Ramparts          Ice            10%        1d2       45%         3
 Ice Form                 Ice/Tmut       5%         N/A       85%         4
 Summon Ice Beast         Ice/Summ       5%         N/A       85%         4
 Summon Lightning Spire   Summ/Air       5%         N/A       85%         4
 Starburst                Conj/Fire      14%        6d6       90%         6
 Plasma Beam              Fire/Air       8%         2x1d21    100%        6
 Storm Form               Tmut/Air       2%         N/A       100%        7
 Maxwell's Capacitive Co  Air            2%         ∞         100%        8


Dungeon Overview and Level Annotations

Branches:
Dungeon (10/15)            Temple (1/1) D:5             Orc (0/2) D:10
 Bailey (1/1)
   Lair: D:8-11

Altars:
Ashenzari
Cheibriados
Fedhas
Gozag
Hepliaklqana
Kikubaaqudgha
Makhleb
Nemelex Xobeh
Okawaru
Qazlal
Ru
Sif Muna
Trog
Uskayaw
Vehumet
Wu Jian
Xom
Yredelemnul
Jiyva

Shops:
D:9 [

Annotations:
D:2 1 runed translucent door, Crazy Yiuf
D:7 3 runed translucent doors, KittyFluff's ghost, novice GrBe


Innate Abilities, Weirdness & Mutations

You have a pair of horns on your head.
You are surrounded by a mild repulsion field. (EV +2)
Your demonic aura often causes spilled blood to erupt in flames.
Spells you cast and wands you use may paralyse nearby enemies.


Message History

The orc hits you but does no damage. The orc warrior misses you.
You rampage towards the orc!
You hit the orc but do no damage. You headbutt the orc, but do no damage.
The orc warrior is no longer paralysed.
The orc warrior is no longer more vulnerable to fire.
The orc hits you with a +0 halberd. The orc warrior closely misses you.
The orc warrior hits you but does no damage.
The orc knight roars a battlecry!
The orcs go into a battle-frenzy!
Casting: Scorch (safe; 2% risk of failure)
Confirm with . or Enter, or press ? or * to list all spells.
Flames lash the orc knight.
The orc knight is lightly wounded.
The orc knight's fire resistance burns away.
Malevolent energies surge around you.
The orc suddenly stops moving!
The orc warrior hits you with a +0 glaive!
The orc warrior hits you with a +0 spear.
The orc warrior hits you but does no damage.
The orc knight barely misses you.
As you read the scroll of teleportation, it crumbles to dust.
You feel strangely unstable. The orc warrior closely misses you. x2
The orc warrior hits you with a +0 spear.
The orc warrior closely misses you.
The orc knight hits you from afar with a +0 glaive!!
* * * LOW HITPOINT WARNING * * *
Unknown command.
Okay, then.
You feel much better.
The orc warrior hits you with a +0 glaive.
The orc warrior hits you from afar with a +0 halberd!
* * * LOW HITPOINT WARNING * * *
The orc warrior hits you but does no damage.
The orc warrior hits you from afar with a +0 spear!
* * * LOW HITPOINT WARNING * * *
The orc knight misses you.
The orc warrior attacks as you move away!
The orc warrior hits you but does no damage.
The orc knight is no longer more vulnerable to fire.
The orc warrior barely misses you.
The orc warrior hits you with a +0 spear!!
You die...

##'''##
#.....#
#.....#
#...).#
#...).#
#.....#
##')'##
##..o..##
#..o.@..#
#..#○#..#
#.o°oo..#
#...o...#
#.......#
##.....##
#'''''#
#.....#
.......


You could see an orc knight, 3 orc warriors and an orc (strong, paralysed).

Vanquished Creatures
  A two-headed ogre (D:9)
  An unseen horror (D:8)
  A troll (D:9)
  Prince Ribbit (D:7)
  Sigmund (D:4)
  A slime creature (D:10)
  A vampire (D:10)
  3 yaks (D:7)
  4 wyverns
  Grum (D:8)
  3 steam dragons
  Duvessa (D:7)
  6 orc warriors
  An ice beast (D:6)
  4 wolves (D:8)
  2 ogres
  2 centaurs
  2 kobold brigands
  A phantom (D:6)
  6 bullfrogs
  3 scorpions
  A gnoll sergeant (D:8)
  Blork the orc (D:5)
  Dowan (D:7)
  16 killer bees
  4 electric eels (D:5)
  2 howler monkeys
  An orc priest (D:5)
  5 hounds
  4 jellies
  A sleepcap (D:4)
  Terence (D:2)
  Natasha (thrice) (D:2)
  7 orc wizards
  5 adders
  4 gnolls (D:7)
  A white imp (D:6)
  An ufetubus (D:4)
  A worm (D:2)
  2 dart slugs
  43 orcs
  4 ball pythons
  An endoplasm (D:3)
  6 goblins
  5 hobgoblins
  2 jackals (D:2)
  4 quokkas
  4 bats
  3 frilled lizards
  14 kobolds
  5 rats
198 creatures vanquished.

Vanquished Creatures (others)
  An orc wizard (D:6)
  3 kobolds (D:7)
  175 foxfires
179 creatures vanquished.

Grand Total: 377 creatures vanquished

Notes
Turn   | Place    | Note
-------+----------+-------------------------------------------
     0 | D:1      | croobank the Demonspawn Fire Elementalist began the quest
                  | for the Orb.
     0 | D:1      | Reached XP level 1. HP: 13/13 MP: 3/3
   660 | D:1      | Gained mutation: You are surrounded by a mild repulsion
                  | field. (EV +2) [demonic ancestry]
   660 | D:1      | Reached XP level 2. HP: 19/19 MP: 0/5
   663 | D:1      | Learned a level 2 spell: Scorch
  1458 | D:2      | Noticed Natasha
  1463 | D:2      | Killed Natasha
  1464 | D:2      | Gained mutation: Spells you cast may paralyse adjacent
                  | enemies. [demonic ancestry]
  1464 | D:2      | Reached XP level 3. HP: 17/24 MP: 0/6
  1524 | D:1      | Learned a level 3 spell: Inner Flame
  1563 | D:2      | Noticed Terence
  1569 | D:2      | Killed Terence
  1570 | D:2      | Reached XP level 4. HP: 30/30 MP: 0/7
  2154 | D:2      | Noticed Natasha
  2160 | D:2      | Killed Natasha
  2191 | D:2      | Noticed Natasha
  2201 | D:2      | Killed Natasha
  2202 | D:2      | Gained mutation: You have a pair of small horns on your
                  | head. [demonic ancestry]
  2202 | D:2      | Reached XP level 5. HP: 31/36 MP: 1/9
  2444 | D:2      | Found a runed translucent door.
  2445 | D:2      | Noticed Crazy Yiuf
  2759 | D:3      | Learned a level 3 spell: Volatile Blastmotes
  2798 | D:3      | Reached skill level 1 in Fighting
  3430 | D:4      | Noticed Sigmund
  3437 | D:4      | Killed Sigmund
  3438 | D:4      | Gained mutation: Spells you cast may paralyse nearby
                  | enemies. [demonic ancestry]
  3438 | D:4      | Reached XP level 6. HP: 40/44 MP: 0/10
  3871 | D:4      | Learned a level 2 spell: Blink
  4595 | D:5      | Entered Level 5 of the Dungeon
  4633 | D:5      | Found a transporter.
  4648 | D:5      | Found a transporter.
  4659 | D:5      | Reached skill level 1 in Armour
  4659 | D:5      | Gained mutation: Spells you cast and wands you use may
                  | paralyse nearby enemies. [demonic ancestry]
  4659 | D:5      | Reached XP level 7. HP: 51/51 MP: 6/11
  4983 | D:5      | Noticed a steam dragon
  4985 | D:5      | Noticed Blork the orc
  4995 | D:5      | Killed a steam dragon
  4996 | D:5      | Reached skill level 1 in Translocations
  5001 | D:5      | Killed Blork the orc
  5468 | D:5      | Found a staircase to the Ecumenical Temple.
  5479 | Temple   | Entered the Ecumenical Temple
  5673 | Temple   | Became a worshipper of Sif Muna the Loreminder
  6104 | D:5      | Gained mutation: Your demonic aura sometimes causes spilled
                  | blood to erupt in flames. [demonic ancestry]
  6104 | D:5      | Reached XP level 8. HP: 58/58 MP: 6/13
  6245 | D:6      | Found an opulent altar of Gozag.
  6329 | D:6      | Reached skill level 1 in Invocations
  7352 | D:7      | Gained mutation: Your demonic aura often causes spilled
                  | blood to erupt in flames. [demonic ancestry]
  7352 | D:7      | Reached XP level 9. HP: 62/65 MP: 11/15
  7520 | D:7      | Reached * piety under Sif Muna
  7613 | D:7      | Reached skill level 5 in Fire Magic
  8032 | D:7      | Found an opulent altar of Gozag.
  8033 | D:7      | Found a runed translucent gate.
  8033 | D:7      | Found a runed translucent gate.
  8033 | D:7      | Found a runed translucent gate.
  8035 | D:7      | Noticed KittyFluff's ghost (novice GrBe)
  8058 | D:7      | Noticed Prince Ribbit
  8062 | D:7      | Killed Prince Ribbit
  8132 | D:7      | Reached skill level 5 in Stealth
  8210 | D:7      | Noticed Duvessa
  8210 | D:7      | Noticed Dowan
  8222 | D:7      | Killed Duvessa
  8236 | D:7      | Killed Dowan
  8575 | D:7      | Reached skill level 5 in Conjurations
  8798 | D:8      | Reached skill level 1 in Hexes
  8932 | D:8      | Noticed Grum
  8935 | D:8      | Killed Grum
  8943 | D:8      | Gained mutation: You have a pair of horns on your head.
                  | [demonic ancestry]
  8943 | D:8      | Reached XP level 10. HP: 70/73 MP: 12/17
  8948 | D:8      | Reached skill level 5 in Fighting
  8948 | D:8      | Reached skill level 5 in Spellcasting
  8963 | D:8      | Reached skill level 5 in Dodging
  9171 | D:8      | Reached skill level 5 in Invocations
  9352 | D:8      | Reached ** piety under Sif Muna
 10019 | D:9      | Noticed a two-headed ogre
 10029 | D:9      | Killed a two-headed ogre
 10538 | D:9      | Found Qurosy's Armour Shoppe.
 11165 | D:10     | Entered Level 10 of the Dungeon
 11342 | D:10     | Identified the +3 ring mail of Vodde {MP+9}
 11530 | D:10     | Found a staircase to the Orcish Mines.
 11541 | D:10     | Identified the +2 pair of gloves "Zymuyrch" {Rampage +Inv
                  | rC++ Str-5}
 11590 | D:10     | Found a viscous altar of Jiyva.
 11661 | D:10     | Found a flagged portal.
 11670 | Bailey   | Entered a bailey
 11979 | Bailey   | Reached *** piety under Sif Muna
 11996 | Bailey   | Noticed an orc knight
 12002 | Bailey   | HP: 3/76 [orc warrior/+0 spear (13)]
 12003 | Bailey   | Demolished by an orc warrior

Illustrated notes

Levels and vault maps discovered:
D:1:      roderic_crop_circles_arrival_small, layout_loops_corners
D:2:      layout_basic, uniq_natasha, uniq_crazy_yiuf_cottage, uniq_terence
D:3:      layout_basic, bh_walls_and_bars
D:4:      layout_basic, uniq_sigmund
D:5:      gammafunk_steamed_eel, layout_cave_pods, minmay_temple_entry_junction,
          chequers_serial_rivers_micro_a, uniq_blork_the_orc
D:6:      layout_rooms, nicolae_gozag_cash_rules_everything_around_me
D:7:      layout_loops_ring, ebering_ghost_gozag, eino_jars,
          uniq_prince_ribbit1, uniq_duvessa
D:8:      layout_loops_ring, kennysheep_generic_room_13, uniq_grum
D:9:      layout_layer_cave, serial_shops, shop
D:10:     layout_basic, nicolae_overflow_hidden_temple, orc_0_dummy,
          enter_bailey_2, jiyva_altar_1
Temple:   mainiacjoe_temple_big_plus
Bailey:   bailey_polearm_5, bailey

Skill      XL: |  1  2  3  4  5  6  7  8  9 10 |
---------------+-------------------------------+-----
Stealth        | 2 3 4 5 6 |  6.1
Dodging        | 2 3 4 5 |  5.6
Fire Magic     | 3 4 5 6 |  6.1
Conjurations   | 2 3 4 5 |  5.9
Fighting       | 2 3 4 5 |  5.8
Spellcasting   | 3 4 5 |  5.7
Armour         | 1 2 3 4 |  4.2
Translocations | 1 2 3 |  3.0
Invocations    | 2 4 6 |  6.1
Hexes          | 1 3 |  3.4

Action                     |  1- 3 |  4- 6 |  7- 9 | 10-12 || total
---------------------------+-------+-------+-------+-------++-------
  Melee: Unarmed           |     1 |       |       |       ||     1
         Dagger            |     6 |     4 |    23 |       ||    33
         Short sword       |       |       |    36 |    63 ||    99
         Whip              |       |       |    18 |       ||    18
         Headbutt          |       |       |    13 |    10 ||    23
         Punch             |       |       |     1 |     2 ||     3
   Fire: Sling             |       |    47 |    69 |    20 ||   136
   Cast: Foxfire           |    28 |    26 |    27 |    17 ||    98
         Scorch            |    10 |    26 |    79 |    64 ||   179
         Volatile Blastmot |       |       |     5 |     1 ||     6
         Inner Flame       |       |       |       |     6 ||     6
    Use: Scroll            |       |    13 |     4 |     6 ||    23
         Potion            |       |       |     3 |     2 ||     5
   Stab: Paralysed         |       |     3 |    24 |    32 ||    59
         Sleeping          |       |       |     1 |     6 ||     7
 Armour: Robe              |     3 |     1 |     6 |       ||    10
         Leather armour    |       |       |     6 |       ||     6
         Steam dragon scal |       |       |     5 |     7 ||    12
         Ring mail         |       |       |       |    20 ||    20
  Dodge: Dodged            |    24 |    14 |   102 |    64 ||   204
